Cogmind - Beta 13 @@@ ROGUE MODE // 2024.08.03 @ 06:43:32 Player: Gofreza Result: Destroyed by Y-45 Defender with Beam Rifle Performance ------------- Evolutions (1) 500 Regions Visited (2) 400 Robots Destroyed (15) 75 Value Destroyed (481) 481 Prototype IDs (0) 0 Alien Tech Used (0) 0 Bonus (0) 0 TOTAL SCORE: 1456 Bonus ------- None Cogmind --------- Core Integrity 0/400 Matter 184/300 Energy 43/100 System Corruption 0% Temperature Cool (9) Movement Core (1400) Ox27 Location -9/Materials Parts ------- > --- POWER (1) -------- (None) > --- PROPULSION (4) --- (None) > --- UTILITY (2) ------ Huge Storage Unit > --- WEAPON (2) ------- Heavy EM Pulse Gun > --- INVENTORY (25) --- Aluminum Leg Aluminum Leg Wheel Wheel Heat Sink Large Storage Unit Large Storage Unit Huge Storage Unit Medium Matter Pod (0) Improved Light Armor Plating Improved Light Armor Plating Improved Light Armor Plating Improved Light Armor Plating High-powered Tractor Beam High-powered Tractor Beam High-powered Tractor Beam High-powered Tractor Beam Field Recycling Unit (0) EM Pulse Gun Medium Laser Medium Laser Datajack Peak State ------------ > --- POWER ------------ Light Ion Engine > --- PROPULSION ------- Improved Treads Improved Treads Improved Treads Improved Treads > --- UTILITY ---------- Huge Storage Unit ECM Suite > --- WEAPON ----------- Heavy EM Pulse Gun Grenade Launcher > --- INVENTORY -------- Aluminum Leg Aluminum Leg Wheel Wheel Heat Sink Large Storage Unit Large Storage Unit Huge Storage Unit Medium Matter Pod Improved Light Armor Plating Improved Light Armor Plating Improved Light Armor Plating Improved Light Armor Plating High-powered Tractor Beam High-powered Tractor Beam High-powered Tractor Beam High-powered Tractor Beam Field Recycling Unit EM Pulse Gun Heavy EM Pulse Gun Heavy EM Pulse Gun Heavy EM Pulse Gun Medium Laser Medium Laser Datajack [Rating: 18] Favorites ----------- Power Light Ion Engine Engine Light Ion Engine Propulsion Aluminum Leg Treads Improved Treads Leg Aluminum Leg Utility Huge Storage Unit Device ECM Suite Storage Huge Storage Unit Weapon Grenade Launcher Energy Gun Medium Laser Launcher Grenade Launcher Special Melee Weapon Datajack Build | -11 -10 -9 ------- Run | Yrd Mat Mat Slots Evolved 2 | . . 2 Power . | . . . Propulsion 2 | . . 2 Utility . | . . . Weapon . | . . . Parts Attached 21 | 5 8 8 Power 2 | 1 . 1 Engine 2 | 1 . 1 Core . | . . . Reactor . | . . . Propulsion 6 | 2 2 2 Treads 4 | . 2 2 Leg 2 | 2 . . Wheel . | . . . Hover . | . . . Flight . | . . . Utility 2 | . 2 . Device 1 | . 1 . Storage 1 | . 1 . Processor . | . . . Hackware . | . . . Protection . | . . . Artifact . | . . . Weapon 11 | 2 4 5 Energy Gun 8 | 2 2 4 Energy Cannon . | . . . Ballistic Gun . | . . . Ballistic Cannon . | . . . Launcher 2 | . 2 . Special Weapon . | . . . Impact Weapon . | . . . Slashing Weapon . | . . . Piercing Weapon . | . . . Special Melee Weapon 1 | . . 1 Unidentified Prototypes . | . . . Parts Lost 11 | . . 11 Power 2 | . . 2 Propulsion 4 | . . 4 Utility 1 | . . 1 Weapon 4 | . . 4 Highest Loss Streak 9 | . . 9 To Critical Strikes . | . . . Average Slot Usage (%) 91 | . 92 90 Engine 12 | . 14 8 Treads 14 | . 1 38 Leg 17 | . 26 . Device 10 | . 10 10 Storage 10 | . 10 11 Energy Gun 14 | . 15 12 Launcher 9 | . 12 6 Naked Turns . | . . . Heaviest Build 91 | 7 91 91 Greatest Support 92 | 20 46 92 Greatest Overweight (x) 4 | . 4 1 Average Overweight (x) 1 | . 2 . Largest Inventory Capacity 25 | 5 25 25 Average Capacity 19 | 5 19 25 Most Carried 25 | 5 22 25 Average Carried 13 | 2 10 23 Final Capacity 25 | 5 25 25 Final Carried 22 | 3 22 22 Class Distribution -------------------- 100% | Mutant Dominant Class ---------------- Mutant | -10/Materials Mutant | -9/Materials Resources | -11 -10 -9 ----------- Run | Yrd Mat Mat Matter Collected 369 | 250 30 89 Remotely . | . . . Salvage Created 495 | 50 144 301 Parts 28 | 1 3 24 Haulers Intercepted . | . . . Recyclers Shooed . | . . . Parts Field Recycled . | . . . Retrieved Matter . | . . . Parts Self-Destructed . | . . . Prevented . | . . . Kills | -11 -10 -9 ------- Run | Yrd Mat Mat Combat Hostiles Destroyed 15 | 1 3 11 Guns 9 | 1 3 5 AOE 6 | . . 6 Classes Destroyed 3 | 1 . 2 Swarmer 4 | . . 4 Grunt 7 | 1 3 3 Sentry 4 | . . 4 Best Kill Streak 5 | 1 3 5 Combat Bots Only 5 | 1 3 5 Max Kills in Single Turn 2 | 1 1 2 Gunslinging . | . . . Exploded 2 | . . 2 Melee . | . . . Uniques/NPCs Destroyed . | . . . Combat | -11 -10 -9 -------- Run | Yrd Mat Mat Hostile Shots Fired 154 | 10 18 126 Missed 29 | 3 4 22 Damage Taken 1736 | 72 151 1513 Core 487 | 31 43 413 Absorbed by Shields . | . . . Core Remaining (%) 78 | 87 70 . Volleys Fired 48 | 6 15 27 Largest 2 | 2 2 2 Hottest 90 | 90 90 90 Shots Fired 72 | 12 25 35 Gun 59 | 12 25 22 Cannon . | . . . Launcher 13 | . . 13 Special . | . . . Kinetic . | . . . Thermal 16 | 6 10 . Explosive 13 | . . 13 Electromagnetic 43 | 6 15 22 Robot Hit Streak 9 | 4 8 9 Robot Miss Streak 3 | 3 2 2 Penetration Max . | . . . Secondary Targets 1 | . . 1 Max Gunslinging Chain 1 | . . 1 Shots Hit Robots 48 | 6 17 25 Core Hits 29 | 2 6 21 Critical Kills . | . . . Critical Parts Destroyed . | . . . Critical Strikes 2 | 1 1 . Burn 1 | 1 . . Corrupt 1 | . 1 . Melee Attacks 1 | . . 1 Impact . | . . . Slashing . | . . . Piercing . | . . . Sneak Attacks . | . . . Combat Hostiles . | . . . Follow-up Attacks . | . . . Damage Inflicted 920 | 76 214 630 Guns 566 | 76 214 276 Cannons . | . . . Explosions 354 | . . 354 Melee . | . . . Ramming . | . . . Kinetic . | . . . Thermal 136 | 50 86 . Explosive 354 | . . 354 Electromagnetic 430 | 26 128 276 Impact . | . . . Slashing . | . . . Piercing . | . . . Highest Corruption . | . . . Average Corruption . | . . . Corruption Purged . | . . . Corruption Blocked . | . . . Overload Shots . | . . . Overflow Damage . | . . . Projectiles . | . . . Explosions . | . . . Melee . | . . . Knockbacks . | . . . Impact . | . . . Kinetic . | . . . Secondary . | . . . Self-Inflicted Damage 23 | . . 23 Shots 1 | . . 1 Rammed . | . . . Targets Rammed 1 | . 1 . Kicked 1 | . 1 . Crushed . | . . . Highest Temperature 360 | 148 360 167 Average Temperature 108 | 68 160 77 Received Heat Transfer 756 | 42 84 630 Siege Activations . | . . . Robots Corrupted . | . . . Combat Hostiles . | . . . Parts Fried . | . . . Impact Corruptions . | . . . Robots Melted . | . . . Combat Hostiles . | . . . Parts Melted . | . . . Heat Transferred 481 | 222 259 . Parts Sabotaged . | . . . Parts Stolen . | . . . Parts Stripped . | . . . Power Chain Reactions . | . . . Alert | -11 -10 -9 ------- Run | Yrd Mat Mat Peak Influence 328 | 20 83 328 Initial 13 | . 13 . Average 79 | 1 46 168 Maximum Alert Level 1 | . . 1 Low Security (%) 84 | 100 100 51 Level 1 15 | . . 48 Level 2 . | . . . Level 3 . | . . . Level 4 . | . . . Level 5 . | . . . High Security . | . . . Max Security . | . . . Squads Dispatched 1 | . 1 . Investigation . | . . . Extermination . | . . . Reinforcement 1 | . 1 . Assault . | . . . Garrison . | . . . Intercept . | . . . Searches Triggered . | . . . Construction Impeded . | . . . Haulers Reinforced . | . . . Active Scanning Responses . | . . . Cargo Convoy Interrupts . | . . . Stealth | -11 -10 -9 --------- Run | Yrd Mat Mat Distress Signals . | . . . Communications Jammed . | . . . Distress Signals . | . . . Times Spotted 17 | 1 3 13 Peak Tracking Total 5 | 1 3 5 Tactical Retreats 2 | . . 2 Traps | -11 -10 -9 ------- Run | Yrd Mat Mat Traps Triggered . | . . . Indirectly . | . . . Trap Hack Attempts . | . . . Triggered . | . . . Disarmed . | . . . Reprogrammed . | . . . Reused . | . . . Traps Extracted . | . . . Installed . | . . . Triggered . | . . . Machines | -11 -10 -9 ---------- Run | Yrd Mat Mat Machines Disabled 1 | . . 1 Max in Single Turn 1 | . . 1 Machines Repaired . | . . . Machines Dismantled . | . . . Machines Sabotaged . | . . . Overloaded Fab Kills . | . . . Hacking | -11 -10 -9 --------- Run | Yrd Mat Mat Machines Accessed . | . . . Terminals . | . . . Fabricators . | . . . Repair Stations . | . . . Recycling Units . | . . . Scanalyzers . | . . . Garrison Access . | . . . Total Hacks . | . . . Successful . | . . . Failed . | . . . Catastrophic . | . . . Database Lockouts . | . . . Manual . | . . . Terminals . | . . . Fabricators . | . . . Repair Stations . | . . . Recycling Units . | . . . Scanalyzers . | . . . Garrison Access . | . . . Terminal Hacks . | . . . Fabricator Hacks . | . . . Repair Station Hacks . | . . . Recycling Unit Hacks . | . . . Scanalyzer . | . . . Garrison Access Hacks . | . . . Unauthorized Hacks . | . . . Terminals . | . . . Fabricators . | . . . Repair Stations . | . . . Recycling Units . | . . . Scanalyzers . | . . . Garrison Access . | . . . Data Cores Recovered . | . . . Used . | . . . Hacking Detections . | . . . Full Trace Events . | . . . Feedback Events . | . . . Feedback Blocked . | . . . Robot Schematics Acquired . | . . . Robots Built . | . . . Authchips . | . . . Time . | . . . Total Robot Build Rating . | . . . Part Schematics Acquired . | . . . Parts Built . | . . . Authchips . | . . . Time . | . . . Total Part Build Rating . | . . . Parts Repaired . | . . . Time . | . . . Parts Recycled . | . . . Recycled Matter . | . . . Retrieved Matter . | . . . Retrieved Components . | . . . Parts Scanalyzed . | . . . Part Schematics Acquired . | . . . Parts Damaged . | . . . Bothacking | -11 -10 -9 ------------ Run | Yrd Mat Mat Used RIF Installer . | . . . Robots Hacked 1 | . . 1 Non-combat . | . . . Combat 1 | . . 1 Robot Hacks Applied 1 | . . 1 parse_system 1 | . . 1 Relay Couplers Released . | . . . Fabnet Peak Effective % . | . . . Robots Rewired . | . . . Allies Hacked . | . . . Hacks Repelled . | . . . Allies | -11 -10 -9 -------- Run | Yrd Mat Mat Total Allies . | . . . Largest Group . | . . . Highest-Rated Group . | . . . Highest-Rated Ally . | . . . Total Orders . | . . . Ally Attacks . | . . . Total Damage . | . . . Kills . | . . . Allies Corrupted . | . . . Allies Melted . | . . . Intel | -11 -10 -9 ------- Run | Yrd Mat Mat Robot Analysis Total . | . . . Derelict Logs Recovered . | . . . Drone Launches . | . . . Drone Recoveries . | . . . Exploration | -11 -10 -9 ------------- Run | Yrd Mat Mat Turns Passed 991 | 115 565 311 Spaces Moved 393 | 84 181 128 Core 23 | 23 . . Treads 138 | . 10 128 Legs 232 | 61 171 . Wheels . | . . . Hover . | . . . Flight . | . . . Fastest Speed 50 | 50 120 160 Average Speed 200 | 100 270 168 Slowest Speed 400 | 120 400 240 Overloaded Moves . | . . . Propulsion Burnouts . | . . . Robots Hopped . | . . . Cave-ins Triggered . | . . . Exploration Rate (%) 15 | 6 25 15 Regions Visited 2 Branch Regions . Pre-discovered Areas . | . . . Known Exits Taken . | . . . Unknown Exits Taken 2 | 1 1 . Scrap Searched . | . . . Spaces Dug . | . . . Terrain Destroyed 104 | . . 104 Melee . | . . . Projectile . | . . . AOE 104 | . . 104 Terrain Rammed . | . . . Walls Destroyed . | . . . Machines Disabled . | . . . Actions | -11 -10 -9 --------- Run | Yrd Mat Mat Total 521 | 102 231 188 Wait 18 | . . 18 Move 391 | 83 180 128 Hop . | . . . Pick Up 38 | 8 24 6 Fast Attach . | . . . Attach 13 | 5 2 6 Detach . | . . . Swap 8 | . 6 2 Drop 3 | . 3 . Fire 48 | 6 15 27 Melee 1 | . . 1 Ram . | . . . Kick 1 | . 1 . Crush . | . . . Escape Stasis . | . . . Rewire . | . . . Trap . | . . . Miscellaneous . | . . . Route ------- -11/Scrapyard -10/Materials -9/Materials History --------- Turn | Location | Event 2 | -11/Scrapyard | Met Revision 17 79 | -11/Scrapyard | Discovered new exit (range 8) 116 | -11/Scrapyard | Entered Materials 304 | -10/Materials | Build established: Mutant 442 | -10/Materials | Discovered new exit (range 13) 681 | -10/Materials | Entered another Materials area 681 | -9/Materials | Evolved 2 slots: Propulsion x2 957 | -9/Materials | Core integrity fell below 50% 981 | -9/Materials | Core integrity fell below 20% 992 | -9/Materials | Destroyed by Y-45 Defender with Beam Rifle Last Messages --------------- Acquired Ion Engine. Hvy. EM Pulse Gun destroyed. Y-45 Defender destroyed. Switching to secondary target: Y-45 Defender. Imp. Treads destroyed. G-34 Mercenary destroyed. Imp. Treads destroyed. Y-45 Defender misfires. Hvy. EM Pulse Gun destroyed. Ion Engine destroyed. Imp. Treads destroyed. ECM Suite destroyed. Hvy. EM Pulse Gun destroyed. G-47 Trooper IFF system glitched. Critical hit (Burn: +37). G-47 Trooper destroyed. R-06 Scavenger collects Corrupted Aluminum Leg. Y-45 Defender IFF system glitched. R-06 Scavenger suffers critical hit (Burn). R-06 Scavenger collects Imp. Ion Engine. Map ----- +----------------------------------------------------+ | ??????????????????????????????????????????????? | | ??????????????????????????????????????????????? | | ??????????????????????????????????????????????? | | ??????????????????????????????????????????????? | | ??????????????????????????????????????????????? | | ??????????????????????????????????????????????? | | ??????????????????????????????????????????????? | | ??????????????????????????????????????????????? | | ??????????????????????????????????????????????? | | ??????????????????????????????????????????????? | | ??????????????????????????????????????????????? | | ??????????????????????????????????????????????? | | ??????????????????????????????????????????????? | | ??????????????????????????????????????????????? | | ??????????????????????????????????????????????? | | ????????????????????? ????????????????????????? | | ????????????????????? ????????????????????????? | | ????????????????????? ????????????????????????? | | ????????????????????? ????????????????????????? | | ????????????????????? ????????????????????????? | | ????????????????????? ????????????????????????? | | ????????????????????? #####???????????????????? | | ????????????????????# #%T #???????????????????? | | ????????????????????# #[=!#???????????????????? | | ????????????????????# #===#???????????????????? | | ????????????????????# #==@#???????????????????? | | ????????????????????# #==%#???????????????????? | | ????????????????????# #%Y!##??????????????????? | | ????????????????????# # !rr#??????????????????? | | ????????????????????# ##Y########?????????????? | | ????????????????????# t #??????? | | ?????????????? ?????# ###########?????????????? | | ?????????????? ?????# #???????????????????????? | | ?????????????? ?????# #???????????????????????? | | ?????????????# ###### #???????????????????????? | | ?????????????# # # #???????????????????????? | | ?????????????# # # #???????????????????????? | | ?????????????# # *! # #???????????????????????? | | ????????????## # *! # #???????????????????????? | | ????????????## # #???????????????????????? | | ???????????# # # #???????????????????????? | | ????????????# %["T # ########????????????????? | | ?????????????#!#"" ]# ?????????? | | ?????????????# # # ## #####????????????????? | | ?????????????+ ## ## # #????????????????????? | | ?????????????# ##### # #????????????????????? | | ?????????????# = = #????????????????????? | | ?????????????# ##### #????????????????????? | | ?????????????# #?# # # # #????????????????????? | | ?????????????# #?# # # #????????????????????? | +----------------------------------------------------+ Best States ------------- Heat Dissipation 28 Energy Generation 10 Energy Capacity 250 Matter Stores 300 Matter Capacity 300 Sight Range 16 Terrain Scan Density 10 ECM Strength 1 Evasion (%) 55 Recoil Reduction 4 Item Schematics ----------------- None Robot Schematics ------------------ None Fabricated ------------ Nothing Alien Tech Used ----------------- None Achievements -------------- None Challenges ------------ None Game ------ Seed TitaniumNuclearSheargun Manual? 0 Play Time 00:15:07 Cumulative 1.0 hours Start 2024.08.03 @ 06:31:09 End 2024.08.03 @ 06:43:32 Sessions 1 Manual Loads 0 Difficulty Rogue Special Mode None Game No. 2 Rogue 2 Adventurer 0 Explorer 0 Win Type - Total 0 Types 0/0/0/0/0/0/0/0/0 Lore% 0 Gallery% 3 Achievement% 2 Wizard Run 0 Options --------- Layout 1 ASCII 1 Keyboard 0 Movement Arrows Keybinds 0 Fullscreen 1 Font 18/SmallcapsGlow Map View 50x40 Zoom Use 0% Tactical HUD 0 Map Filters NONE Filters NONE Steam 0 RUN: 3351c454-ee74-444c-b908-db652e450ef7